 Dungeon Crawl Stone Soup version 0.29-a0-275-g389c0b56f3 (webtiles) character file.

Game seed: 16943766028384075292

116 YayAnonymity the Chopper (level 4, -1/33 HPs)
             Began as a Demonspawn Gladiator on Mar 12, 2022.
             Slain by a scorpion (8 damage)
             ... on level 3 of the Dungeon.
             The game lasted 00:04:36 (3792 turns).

YayAnonymity the Chopper (Demonspawn Gladiator)     Turns: 3792, Time: 00:04:36

Health: -1/33      AC:  9    Str: 16    XL:     4   Next: 70%
Magic:  4/4        EV:  9    Int: 10    God:
Gold:   211        SH:  4    Dex: 14    Spells: 3/3 levels left

rFire   + . .      SeeInvis .   a - +0 war axe
rCold   . . .      Faith    .   i - +0 buckler
rNeg    . . .      Spirit   .   u - +0 scale mail
rPois   .          Reflect  .   c - +0 helmet
rElec   .          Harm     .   w - +0 cloak
rCorr   +          Rampage  .   k - +0 pair of gloves
Will    .....                   (no boots)
Stlth   ..........              (no amulet)
HPRegen 0.11/turn               A - ring of resist corrosion
MPRegen 0.18/turn               l - ring of protection from fire

@: lethally poisoned (-1 -> -2)
A: claws 1, ignite blood 1, magic regeneration
a: no special abilities


You were on level 3 of the Dungeon.
You visited 1 branch of the dungeon, and saw 4 of its levels.

You collected 211 gold pieces.

Inventory:

Hand Weapons
 a - a +0 war axe (weapon)
 v - a +1 whip of electrocution
Missiles
 d - 3 throwing nets
 e - a javelin
 f - 4 poisoned darts (quivered)
 j - 2 silver boomerangs
Armour
 c - a +0 helmet (worn)
 i - a +0 buckler (worn)
 k - a +0 pair of gloves (worn)
 u - a +0 scale mail (worn)
 w - a +0 cloak (worn)
Jewellery
 l - a ring of protection from fire (right hand)
 A - a ring of resist corrosion (left hand)
Wands
 s - a wand of polymorph (9)
 z - a wand of charming (5)
Scrolls
 g - 2 scrolls of identify {unknown}
 o - 2 scrolls of amnesia {unknown}
 p - a scroll of fog {unknown}
 r - a scroll of noise {unknown}
 t - a scroll of vulnerability {unknown}
 y - a scroll of fear {unknown}
Potions
 b - a potion of mutation {unknown}
 h - 2 potions of heal wounds {unknown}
 m - a potion of brilliance {unknown}
 q - a potion of flight {unknown}
 x - a potion of attraction {unknown}


   Skills:
 + Level 2.0 Fighting
 + Level 4.1 Axes
 - Level 1.7 Throwing
 + Level 0.1 Armour
 - Level 2.6 Dodging
 + Level 2.4 Shields


You had 3 spell levels left.
You didn't know any spells.
Your spell library contained the following spells:

 Spells                   Type           Power      Damage    Failure   Level
 Gell's Gravitas          Tloc           0%         N/A       99%         3
 Teleport Other           Tloc           0%         N/A       99%         3
 Dispersal                Tloc           0%         N/A       100%        6


Dungeon Overview and Level Annotations

Branches:
Dungeon (4/15)
 Temple: D:4-7

Altars:

Annotations:
D:4 Grinder


Innate Abilities, Weirdness & Mutations

You have sharp fingernails.
Your demonic aura sometimes causes spilled blood to erupt in flames.
You regenerate magic rapidly.


Message History

The adder bites you but does no damage.
Grinder blinks!
You climb upwards.
There is a stone staircase leading down here.
You slash the adder!
The adder is almost dead.
The adder is engulfed in blazing flames.
You kill the adder!
No target in view!
You start resting.
HP restored.
There is a stone staircase leading down here.
You climb downwards.
Level annotation: Grinder The kobold shouts!
The endoplasm quivers.
The endoplasm closely misses you.
The kobold throws a poisoned dart.
The poisoned dart hits you!
You are poisoned.
The scorpion closely misses you.
Found a ring mail.
Found a stone staircase leading down.
There is a stone staircase leading up here.
You feel sick. The endoplasm freezes you.
You are frozen.
The scorpion stings you.
You climb upwards.
You feel sick.
There is a stone staircase leading down here.
Sorry, you're not good enough to have a special ability.
You hit the scorpion.
The scorpion is lightly wounded.
You hit the endoplasm.
You feel sick.
The scorpion stings you but does no damage.
The endoplasm freezes you.
You are frozen.
The scorpion stings you!
* * * LOW HITPOINT WARNING * * *
You hit the scorpion.
The scorpion is moderately wounded.
You hit the endoplasm.
You feel sick.
The endoplasm hits you but does no damage.
The scorpion stings you!
You die...

#.....).................#
#.#.###..####............ #.#.#
#..# #.#..#####.## #.#.# #..#
#.#..# #.# #.#.###..####.#..#
#.## #.#...........#..# #...
#.##........###..# #...
#.##.##..##)#....### #.##
#.##.##s@##[.#.#.#.###.## #######
#.##.##..J.[###.....##... ..=...#
#.##.##.##.....###.###.##
#####.###.#...#......#..........#
#|..............#..#.####.###...
#.##.#####...##.#..### #...(...
#.##.# ##.###.#..# #..##.##
#.##.# #.##.....######..##.#
#.##.# #>†..#...##.........#


You could see a scorpion and an endoplasm.

Vanquished Creatures
  An orc wizard (D:3)
  Robin (D:3)
  2 adders
  A worm (D:2)
  2 dart slugs
  2 orcs (D:3)
  2 bats
  2 endoplasms
  4 giant cockroaches
  11 goblins
  6 hobgoblins
  4 quokkas
  2 ball pythons
  3 frilled lizards
  4 kobolds
  5 rats
52 creatures vanquished.

Notes
Turn   | Place    | Note
-------+----------+-------------------------------------------
     0 | D:1      | YayAnonymity the Demonspawn Gladiator began the quest for
                  | the Orb.
     0 | D:1      | Reached XP level 1. HP: 16/16 MP: 1/1
    92 | D:1      | Reached skill level 3 in Axes
   886 | D:1      | Gained mutation: You regenerate magic rapidly. [demonic
                  | ancestry]
   886 | D:1      | Reached XP level 2. HP: 22/22 MP: 2/2
   902 | D:1      | Found a faded altar of an unknown god.
  1466 | D:2      | Reached skill level 1 in Shields
  1778 | D:2      | Noticed Robin
  1783 | D:2      | Gained mutation: Your demonic aura sometimes causes spilled
                  | blood to erupt in flames. [demonic ancestry]
  1783 | D:2      | Reached XP level 3. HP: 19/27 MP: 3/3
  2243 | D:3      | Killed Robin
  2531 | D:2      | Gained mutation: You have sharp fingernails. [demonic
                  | ancestry]
  2531 | D:2      | Reached XP level 4. HP: 28/33 MP: 4/4
  2985 | D:3      | Reached skill level 4 in Axes
  3744 | D:4      | Noticed Grinder
  3788 | D:4      | Noticed a scorpion
  3792 | D:3      | Slain by a scorpion

Illustrated notes

Levels and vault maps discovered:
D:1:      dpeg_arrival_simpleton_b, layout_basic,
          dilly_ecumenical_altar_fadedgnrine, grunt_decor_clamped, st_stairs_11,
          chequers_serial_rivers_room_a, chequers_serial_rivers_micro_c
D:2:      layout_basic, uniq_robin
D:3:      layout_loops_ring
D:4:      layout_basic, minmay_temple_entry_statues_pillars, serial_shops, shop,
          uniq_natasha, uniq_grinder

Skill      XL: |  1  2  3  4 |
---------------+-------------+-----
Axes           | 3 4 |  4.1
Shields        | 1 2 |  2.4
Fighting       | |  2.0
Throwing       | |  1.7
Armour         | |  0.1
Dodging        | |  2.6

Action                   |  1- 3 |  4- 6 || total
-------------------------+-------+-------++-------
Melee: War axe           |   103 |    35 ||   138
Throw: Dart              |     2 |       ||     2
Armor: Leather armour    |    12 |       ||    12
       Ring mail         |    34 |       ||    34
       Scale mail        |       |    13 ||    13
Dodge: Dodged            |    67 |    21 ||    88
Block: Buckler           |    25 |    12 ||    37

Table legend: (Time is in decaauts)
 A = Elapsed time spent in this place.
 B = Non-inter-level travel time spent in this place.
 C = Inter-level travel time spent in this place.
 D = Time resting spent in this place.
 E = Time spent auto-exploring this place.
 F = Levels seen in this place.
 G = Mean time per level.
                   A        B        C        D        E       F      G
               +--------+--------+--------+--------+--------+-----+--------+
         Total |   3846 |   3555 |    291 |    439 |   2585 |   4 |  961.5 |
       Dungeon |   3846 |   3555 |    291 |    439 |   2585 |   4 |  961.5 |
               +--------+--------+--------+--------+--------+-----+--------+

Top non-repeatable levels by time:
     D:1: 1466 daAuts
     D:3: 1343 daAuts
     D:2: 1020 daAuts
     D:4: 16 daAuts
